 Dungeon Crawl Stone Soup version 0.21-a0-528-gf531e82 (webtiles) character file.

31 slep the Skirmisher (level 3, -4/29 HPs)
             Began as a Demonspawn Fighter on Dec 9, 2017.
             Slain by Sigmund
             ... wielding a +0 scythe of protection
              (8 damage)
             ... on level 2 of the Dungeon.
             The game lasted 00:02:42 (612 turns).

slep the Skirmisher (Demonspawn Fighter)             Turns: 612, Time: 00:02:43

Health: -4/29      AC:  5    Str: 21    XL:     3   Next: 7%
Magic:  0/3        EV:  8    Int:  9    God:
Gold:   41         SH:  9    Dex: 13    Spells: 2/2 levels left

rFire    . . .     SeeInvis .   a - +0 war axe
rCold    . . .     Gourm    .   c - +0 shield
rNeg     . . .     Faith    .   p - +0 ring mail (curse)
rPois    .         Spirit   +   (no helmet)
rElec    .         Reflect  .   (no cloak)
rCorr    .         Harm     .   (no gloves)
MR       .....                  (no boots)
Stlth    +.........             (no amulet)
HPRegen  0.09/turn              (no ring)
MPRegen  0.08/turn              (no ring)

@: mighty
A: magic shield
a: no special abilities


You were on level 2 of the Dungeon.
You were not hungry.

You visited 1 branch of the dungeon, and saw 2 of its levels.

You collected 41 gold pieces.

Inventory:

Hand Weapons
 a - a +0 war axe (weapon)
Missiles
 k - 6 tomahawks (quivered)
Armour
 b - a +0 scale mail
 c - a +0 shield (worn)
 p - a cursed +0 ring mail (worn)
Scrolls
 i - a scroll of enchant weapon {unknown}
 j - 3 scrolls of remove curse {unknown}
 l - 3 scrolls of identify {unknown}
 n - 2 scrolls of enchant armour {unknown}
 o - a scroll of teleportation {unknown}
Potions
 e - a potion of flight {unknown}
 g - a potion of magic {unknown}
 h - a potion of curing {unknown}
 m - a potion of brilliance {unknown}
 q - a potion of cancellation {unknown}
Comestibles
 f - 2 bread rations


   Skills:
 + Level 3.2 Fighting
 + Level 2.2 Axes
 + Level 3.0 Armour
 + Level 0.1 Dodging
 + Level 3.0 Shields


You had 2 spell levels left.
You didn't know any spells.

Dungeon Overview and Level Annotations

Branches:
Dungeon (2/15)

Altars:

Annotations:
D:2 Sigmund


Innate Abilities, Weirdness & Mutations

When hurt, damage is shared between your health and your magic reserves.


Message History

The hobgoblin hits you with a club. Something hits you.
You're too confused to move!
The hobgoblin hits you with a club.
You're too confused to move!
Something hits you but does no damage.
The hobgoblin hits you but does no damage.
You closely miss something. You miss the hobgoblin.
The hobgoblin barely misses you. Something hits you. Something hits you.
You see here a worm corpse.
You slash something!
Your shield and ring mail prevent you from hitting the hobgoblin.
The hobgoblin hits you but does no damage.
You barely miss something. You closely miss the hobgoblin.
You feel less confused. The hobgoblin hits you with a club. Something hits you.
* * * LOW HITPOINT WARNING * * *
The hobgoblin hits you but does no damage.
You closely miss the hobgoblin.
The hobgoblin is almost dead.
You miss something. Something hits you!
You die...

#.# #.........#.#
#.........#.#
#.........#.#
#.........#.#
#?........#.#
#.####.........#.#
#.....{....[...#.#######
#g@.......#.#......
###.##.#########.#.#####
..................>.#
####.##.######.##...# ..
#.........#...# #.
########..#...# #
#..#...# #..#...###
####..#.....#


You could see a hobgoblin.

Vanquished Creatures
  An ooze (D:2)
  A worm (D:2)
  2 dart slugs (D:1)
  A leopard gecko (D:2)
  3 giant cockroaches
  4 goblins (D:1)
  A ball python (D:1)
  3 bats (D:1)
  2 frilled lizards (D:1)
  A kobold (D:2)
  A rat (D:1)
20 creatures vanquished.

Notes
Turn   | Place    | Note
-------+----------+-------------------------------------------
     0 | D:1      | slep the Demonspawn Fighter began the quest for the Orb.
     0 | D:1      | Reached XP level 1. HP: 18/18 MP: 1/1
    40 | D:1      | Gained mutation: When hurt, damage is shared between your health and your magic reserves. [demonic ancestry]
    40 | D:1      | Reached XP level 2. HP: 7/24 MP: 2/2
   597 | D:2      | Noticed Sigmund
   605 | D:2      | Reached XP level 3. HP: 21/29 MP: 1/3
   612 | D:2      | Slain by Sigmund

Vault maps used:
D:1:      ncdulo_smallfort, minmay_misc_feat_more_columns
D:2:      first_bread, roderic_lattice_a,
          nicolae_dithmenos_through_a_glass_darkly, uniq_robin, uniq_sigmund

Skill      XL: |  1  2 |
---------------+-------+-----
Axes           | 2 |  2.2
Shields        | 3 |  3.0
Armour         | 3 |  3.0
Fighting       | |  3.2
Dodging        | |  0.1

Action                   || total
-------------------------++-------
Melee: War axe           ||    70
  Use: Potion            ||     1
Armor: Scale mail        ||    22
       Ring mail         ||     9
Dodge: Dodged            ||    20
Block: Shield            ||    29

Table legend:
 A = Spawn XP
 B = Non-spawn XP
 C = Spawn XP percentage of total XP
 D = Spawn monster count
 E = Non-spawn monster count
 F = Spawn count percentage of total count
 G = Total turns spent on level
                    A         B        C        D         E        F      G
               +---------+---------+-------+---------+---------+-------+---------
         Total |       0 |      45 |   0.0 |       0 |      20 |   0.0 |   612
               +---------+---------+-------+---------+---------+-------+---------
           D:1 |       0 |      27 |   0.0 |       0 |      15 |   0.0 |   442
           D:2 |       0 |      18 |   0.0 |       0 |       5 |   0.0 |   170
               +---------+---------+-------+---------+---------+-------+---------
